 Seeded DCSS version 0.28-a0-726-g4a9143789a (webtiles) character file.

Game seed: 13619943984260783318 (custom seed)

11 flotson the Sneak (level 2, 0/24 HPs)
             Began as a Demonspawn Delver on Oct 27, 2021.
             Slain by a jackal (3 damage)
             ... on level 1 of the Dungeon.
             The game lasted 00:01:49 (416 turns).

flotson the Sneak (Demonspawn Delver)                Turns: 416, Time: 00:01:49

Health: 0/24       AC:  5    Str: 12    XL:     2   Next: 17%
Magic:  2/2        EV: 10    Int: 11    God:
Gold:   26         SH:  0    Dex: 14    Spells: 1/1 levels left

rFire   . . .      SeeInvis .   a - +0 hand axe
rCold   . . .      Faith    .   (no shield)
rNeg    . . .      Spirit   .   h - +0 ring mail
rPois   .          Reflect  .   (no helmet)
rElec   .          Harm     .   (no cloak)
rCorr   .          Rampage  .   (no gloves)
Will    .....                   (no boots)
Stlth   ++........              i - amulet of magic regeneration
HPRegen 0.08/turn               (no ring)
MPRegen 0.41/turn               (no ring)

@: no status effects
A: magic regeneration
a: no special abilities


You were on level 1 of the Dungeon.
You visited 1 branch of the dungeon, and saw 5 of its levels.

You collected 26 gold pieces.

Inventory:

Hand Weapons
 a - a +0 hand axe (weapon)
Armour
 h - a +0 ring mail (worn)
Jewellery
 i - an amulet of magic regeneration (around neck)
Wands
 g - a wand of digging (2)
Scrolls
 b - a scroll of acquirement {unknown}
 c - a scroll of fog
 d - 2 scrolls of magic mapping
 e - 2 scrolls of fear
 j - a scroll of blinking {unknown}
 k - a scroll of identify {unknown}
Potions
 f - a potion of haste
 l - a potion of might {unknown}


   Skills:
 + Level 3.0 Fighting
 + Level 2.0 Axes
 + Level 0.4 Armour
 + Level 1.8 Dodging
 + Level 4.8 Stealth


You had one spell level left.
You didn't know any spells.
Your spell library contained the following spells:

 Spells                   Type           Power      Damage    Failure   Level
 Freeze                   Ice            0%         1d3       63%         1
 Frozen Ramparts          Ice            0%         1d2       94%         3
 Hailstorm                Conj/Ice       0%         3d3       100%        4


Dungeon Overview and Level Annotations

Branches:
Dungeon (5/15)
 Temple: D:4-7

Altars:
Gozag

Annotations:
D:5 Dowan, Sigmund


Innate Abilities, Weirdness & Mutations

You regenerate magic rapidly.


Message History

You are too injured to fight recklessly!
You are too injured to fight recklessly!
You are too injured to fight recklessly!
You are too injured to fight recklessly!
You are too injured to fight recklessly!
You hit the kobold.
You kill the kobold!
You have reached level 2!
Your demonic ancestry asserts itself...
Your magic begins to regenerate rapidly.
You closely miss the jackal. The jackal barely misses you. x2
You barely miss the jackal. You hit the jackal. The jackal bites you.
* * * LOW HITPOINT WARNING * * *
The jackal bites you.
* * * LOW HITPOINT WARNING * * *
The jackal bites you.
* * * LOW HITPOINT WARNING * * *
You hit the jackal.
You kill the jackal!
You hit the jackal. The jackal barely misses you.
You barely miss the jackal.
The jackal is heavily wounded.
The jackal barely misses you.
The jackal bites you but does no damage.
You closely miss the jackal.
The jackal is heavily wounded.
The jackal pauses to sniff the ground.
The jackal barely misses you. The jackal bites you.
* * * LOW HITPOINT WARNING * * *
You hit the jackal.
The jackal is severely wounded.
The jackal bites you but does no damage.
You hit the jackal.
You kill the jackal!
Your Axes skill increases to level 2!
You closely miss the jackal.
The jackal is lightly wounded.
The jackal bites you but does no damage.
The jackal bites you.
You die...

###### #....#
#....# #....#
#####
#....###.#...# #
#......#.>...##..
#....#..........#
#......###†......
#....#..@hh......
#...>#####...#...
#....# .!.#
###### ...# .....
...#.. ####..# ##


You could see 2 jackals.

Vanquished Creatures
  A ball python (D:4)
  A hobgoblin (D:4)
  4 jackals (D:1)
  3 kobolds
9 creatures vanquished.

Notes
Turn   | Place    | Note
-------+----------+-------------------------------------------
     0 | D:5      | flotson the Demonspawn Delver began the quest for the Orb.
     0 | D:5      | Reached XP level 1. HP: 18/18 MP: 1/1
     0 | D:5      | Upgraded the game from 0.28-a0-724-g66f9036eb4 to
                  | 0.28-a0-726-g4a9143789a
     3 | D:5      | Noticed Dowan
    21 | D:5      | Noticed Sigmund
    39 | D:4      | Found an opulent altar of Gozag.
   226 | D:4      | Noticed an iguana
   409 | D:1      | Gained mutation: You regenerate magic rapidly. [demonic
                  | ancestry]
   409 | D:1      | Reached XP level 2. HP: 10/24 MP: 2/2
   416 | D:1      | Slain by a jackal

Illustrated notes

Levels and vault maps discovered:
D:1:      dpeg_arrival_morbid_curiosity, layout_rooms,
          hellmonk_ecumenical_altar_pennies_from_heaven
D:2:      layout_basic, nrook_campfire, minmay_tetromino_s2
D:3:      layout_basic, evilmike_ruin_ashenzari,
          nicolae_ru_the_path_less_chosen, grunt_decor_mini_mirrors
D:4:      layout_basic, nicolae_overflow_hidden_temple, uniq_edmund
D:5:      cheibrodos_fertilizer, layout_rooms, uniq_sigmund, uniq_duvessa,
          uniq_eustachio, uniq_crazy_yiuf_cottage

Skill      XL: |  1  2 |
---------------+-------+-----
Axes           | 2 |  2.0
Fighting       | |  3.0
Armour         | |  0.4
Dodging        | |  1.8
Stealth        | |  4.8

Action                   || total
-------------------------++-------
Melee: Hand axe          ||    36
Evoke: Wand              ||     1
Armor: Ring mail         ||    11
       Leather armour    ||     6
Dodge: Dodged            ||    28

Table legend: (Time is in decaauts)
 A = Elapsed time spent in this place.
 B = Non-inter-level travel time spent in this place.
 C = Inter-level travel time spent in this place.
 D = Time resting spent in this place.
 E = Time spent auto-exploring this place.
 F = Levels seen in this place.
 G = Mean time per level.
                   A        B        C        D        E       F      G
               +--------+--------+--------+--------+--------+-----+--------+
         Total |    422 |    407 |     15 |      0 |    242 |   5 |   84.4 |
       Dungeon |    422 |    407 |     15 |      0 |    242 |   5 |   84.4 |
               +--------+--------+--------+--------+--------+-----+--------+

Top non-repeatable levels by time:
     D:4: 228 daAuts
     D:3: 63 daAuts
     D:2: 58 daAuts
     D:5: 36 daAuts
     D:1: 35 daAuts
